 Dungeon Crawl Stone Soup version 0.28-a0-1524-ge72afd5fc6 (webtiles) character file.

Game seed: 13410819373786783071

34 murtidash the Magician (level 3, 0/25 HPs)
             Began as a Djinni Ice Elementalist on Jan 17, 2022.
             Slain by a ball python (1 damage)
             ... on level 2 of the Dungeon.
             The game lasted 00:01:50 (2177 turns).

murtidash the Magician (Djinni Ice Elementalist)    Turns: 2177, Time: 00:01:50

Health: 0/25       AC:  2    Str:  7    XL:     3   Next: 50%
Gold:   58         EV: 12    Int: 18    God:
                   SH:  0    Dex: 13

rFire   + + .      SeeInvis .   c - +0 club
rCold   x . .      Faith    .   (no shield)
rNeg    . . .      Spirit   .   a - +0 robe
rPois   ∞          Reflect  .   (no helmet)
rElec   .          Harm     .   (no cloak)
rCorr   .          Rampage  .   (no gloves)
Will    .....                   (boots unavailable)
Stlth   ++........              (no amulet)
HPRegen 0.08/turn               (no ring)
MPRegen 0.00/turn               (no ring)

@: mighty, flying
A: sickness immunity, fire resistance 2, cold vulnerability 1, float, innate
caster, hp casting, extra vitality 1
a: no special abilities


You were on level 2 of the Dungeon.
You visited 1 branch of the dungeon, and saw 2 of its levels.

You collected 58 gold pieces.

Inventory:

Hand Weapons
 c - a +0 club (weapon)
   (You took it off a goblin on level 1 of the Dungeon)
Armour
 a - a +0 robe (worn)
Scrolls
 b - a scroll of enchant armour {unknown}
 d - 2 scrolls of identify {unknown}
 g - a scroll of teleportation {unknown}
Potions
 e - a potion of ambrosia {unknown}


   Skills:
 - Level 2.1 Dodging
 - Level 1.5 Stealth
 + Level 4.0 Spellcasting


You couldn't memorise any spells.
You knew the following spells:

 Your Spells              Type           Power      Damage    Failure   Level
a - Frozen Ramparts       Ice            36%        1d5       9%          3
A - Ozocubu's Armour      Ice            18%        N/A       9%          3
U - Sandblast             Erth           36%        2d10      2%          1
X - Hailstorm             Conj/Ice       18%        3d6       26%         4
Z - Freeze                Ice            72%        1d9       2%          1
Your spell library was empty.

Dungeon Overview and Level Annotations

Branches:
Dungeon (2/15)

Altars:


Innate Abilities, Weirdness & Mutations

You are immune to sickness and miasma.
You are immune to poison.
Your flesh is very heat resistant. (rF++)
You are vulnerable to cold. (rC-)
You float through the air rather than walking.
You learn spells naturally, not from books.
Your magical power is your life essence.
You have superior vitality. (+4 MHP)


Message History

The ball python constricts you.
The ball python bites you but does no damage.
The ball python constricts you.
You take 1 damage, and have 24/25 hp.
Aim: a ball python (constricting you)
You freeze the ball python.
You kill the ball python!
You take 1 damage, and have 23/25 hp.
You can't see any susceptible monsters within range! (Use Z to cast anyway.)
You can't see any susceptible monsters within range! (Use Z to cast anyway.)
g - a scroll labelled JUSUTHR RODD You see here 22 stones.
Health restored: 25 Done exploring.
Done exploring.
There is a stone staircase leading down here.
You fly downwards.
There is a stone staircase leading up here.
An orc comes into view. It is wielding a +0 club.
Okay, then.
Unknown command.
Aim: an orc, wielding a +0 club (wandering, hasn't noticed you)
You freeze the orc.
The orc shouts!
The orc hits you but does no damage.
You take 1 damage, and have 24/25 hp.
Aim: an orc, wielding a +0 club (severely wounded)
You freeze the orc.
You kill the orc!
Your Spellcasting skill increases to level 4!
You take 1 damage, and have 23/25 hp.
You can't see any susceptible monsters within range! (Use Z to cast anyway.)
You can't see any susceptible monsters within range! (Use Z to cast anyway.)
You see here a +0 club.
Found a stone staircase leading down.
Health restored: 25 An endoplasm comes into view.
A bat comes into view.
The helpless bat fails to defend itself.
You hit the bat but do no damage. The bat hits you but does no damage.
You can't see any susceptible monsters within range! (Use Z to cast anyway.)
You can't see any susceptible monsters within range! (Use Z to cast anyway.)
The bat hits you but does no damage. The bat hits you.
You take 1 damage, and have 24/25 hp.
Aim: a bat You freeze the bat.
You kill the bat!
You take 1 damage, and have 23/25 hp.
You can't see any susceptible monsters within range! (Use Z to cast anyway.) No target in view!
The endoplasm quivers.
Health restored: 25 A worm comes into view.
Aim: an endoplasm You freeze the endoplasm.
The endoplasm hits you but does no damage.
You take 1 damage, and have 24/25 hp.
Aim: an endoplasm (moderately wounded)
You freeze the endoplasm. The endoplasm hits you.
You take 3 damage, and have 21/25 hp.
Aim: an endoplasm (almost dead)
You freeze the endoplasm!
You kill the endoplasm!
You take 1 damage, and have 20/25 hp.
You can't see any susceptible monsters within range! (Use Z to cast anyway.)
You can't see any susceptible monsters within range! (Use Z to cast anyway.)
You now have 58 gold pieces (gained 15).
A ball python comes into view.
Health restored: 25
Aim: a worm (asleep)
You freeze the worm. The worm barely misses you.
You take 1 damage, and have 24/25 hp.
Aim: a worm (moderately wounded)
You freeze the worm.
You take 1 damage, and have 23/25 hp.
Aim: a worm (heavily wounded)
You freeze the worm!
The ball python hisses angrily.
The worm bites you!
You take 11 damage, and have 12/25 hp.
MASSIVE DAMAGE!!
Aim: a worm (severely wounded)
You freeze the worm.
You take 1 damage, and have 11/25 hp.
Aim: a worm (almost dead)
You freeze the worm. The worm closely misses you.
You take 1 damage, and have 10/25 hp.
Aim: a worm (almost dead)
You freeze the worm. The worm bites you!
* * * LOW HITPOINT WARNING * * *
You take 8 damage, and have 2/25 hp.
MASSIVE DAMAGE!!
Aim: a worm (almost dead)
You freeze the worm!
You kill the worm!
* * * LOW HITPOINT WARNING * * *
You take 1 damage, and have 1/25 hp.
You don't have enough health to cast this spell.
It was a potion of might.
You feel very mighty all of a sudden. The ball python bites you.
You die...

#.##.#.#.#####
...[.........
.........#.####.
..##.#..........
................
............)...
.......#.#####.#
### .###...#.#
#.####....# .#
###.#.# #..@S..#
.#
#.#.#####..#####
.# #.#.....#..#
. #.#.###.#..#
#.###......# #.#
#.###.## ..# #.
#.# #.. . ... ##
####


You could see a ball python.

Vanquished Creatures
  A worm (D:2)
  A dart slug (D:1)
  An orc (D:2)
  4 ball pythons (D:1)
  3 bats
  5 endoplasms
  2 goblins (D:1)
  A hobgoblin (D:1)
  2 quokkas (D:1)
  2 frilled lizards (D:1)
  A kobold (D:1)
  3 rats (D:1)
26 creatures vanquished.

Notes
Turn   | Place    | Note
-------+----------+-------------------------------------------
     0 | D:1      | murtidash the Djinni Ice Elementalist began the quest for
                  | the Orb.
     0 | D:1      | Reached XP level 1. HP: 15/15 MP: 0/0
   226 | D:1      | Reached XP level 2. HP: 14/21 MP: 0/0
   955 | D:1      | Found a faded altar of an unknown god.
  1315 | D:1      | Reached XP level 3. HP: 15/25 MP: 0/0
  1315 | D:1      | Learned a level 1 spell: Sandblast
  2038 | D:2      | Reached skill level 4 in Spellcasting
  2175 | D:2      | HP: 2/25 [worm (8)]
  2177 | D:2      | Slain by a ball python

Illustrated notes

Levels and vault maps discovered:
D:1:      elethiomel_arrival_infinity_welcomes_careful_drivers, layout_basic,
          hellmonk_ecumenical_altar_heavens_door, serial_co_window_serial,
          co_window_of_opportunity_a, co_window_of_opportunity_a,
          co_window_paths_b, co_window_of_opportunity_a, co_window_paths_a,
          co_window_2corner, co_window_2corner, co_window_of_opportunity_c
D:2:      layout_basic, serial_shops, shop_statue, uniq_crazy_yiuf_cottage

Skill      XL: |  1  2  3 |
---------------+----------+-----
Spellcasting   | 4 |  4.0
Dodging        | |  2.1
Stealth        | |  1.5

Action                   || total
-------------------------++-------
Melee: Unarmed           ||     2
       Club              ||     7
 Cast: Freeze            ||    55
  Use: Potion            ||     1
 Stab: Sleeping          ||     1
Armor: Robe              ||    12
Dodge: Dodged            ||    26

Table legend: (Time is in decaauts)
 A = Elapsed time spent in this place.
 B = Non-inter-level travel time spent in this place.
 C = Inter-level travel time spent in this place.
 D = Time resting spent in this place.
 E = Time spent auto-exploring this place.
 F = Levels seen in this place.
 G = Mean time per level.
                   A        B        C        D        E       F      G
               +--------+--------+--------+--------+--------+-----+--------+
         Total |   2178 |   2110 |     68 |    123 |   1811 |   2 | 1089.0 |
       Dungeon |   2178 |   2110 |     68 |    123 |   1811 |   2 | 1089.0 |
               +--------+--------+--------+--------+--------+-----+--------+

Top non-repeatable levels by time:
     D:1: 2028 daAuts
     D:2: 150 daAuts

Table legend:
 A = Kills in this place as a percentage of kills in entire the game.
 B = Kills by you in this place as a percentage of kills by you in the entire game.
 C = Kills by friends in this place as a percentage of kills by friends in the entire game.
 D = Other kills in this place as a percentage of other kills in the entire game.
 E = Experience gained in this place as a percentage of experience gained in the entire game.
 F = Experience gained in this place divided by the number of levels of this place that you have seen.
                   A       B       C       D       E      F
               +-------+-------+-------+-------+-------+----------------------
         Total | 100.0 | 100.0 |   N/A |   N/A | 100.0 |  24.5
       Dungeon | 100.0 | 100.0 |   N/A |   N/A | 100.0 |  24.5
               +-------+-------+-------+-------+-------+----------------------
